 Dungeon Crawl Stone Soup version 0.20-a0-848-g73d9be0 (webtiles) character file.

198 kidcy the Cudgeler (level 5, 0/43 HPs)
             Began as a Demonspawn Monk on Mar 9, 2017.
             Was a Believer of Ashenzari.
             Killed by divine providence
             ... invoked by an orc priest
              (17 damage)
             ... on level 3 of the Dungeon.
             The game lasted 00:04:44 (2450 turns).

kidcy the Cudgeler (Demonspawn Monk)                Turns: 2450, Time: 00:04:46

Health: 0/43       AC:  9    Str: 13    XL:     5   Next: 47%
Magic:  5/5        EV:  6    Int: 11    God:    Ashenzari [**....]
Gold:   172        SH:  0    Dex: 15    Spells: 4/4 levels left

rFire    + . .     SeeInvis .   n - +0 whip (flame) (curse)
rCold    . . .     Gourm    .   m - +0 chain mail
rNeg     . . .     Faith    .   (no shield)
rPois    .         Spirit   .   (no helmet)
rElec    .         Reflect  .   (no cloak)
rCorr    .         Harm     .   (no gloves)
MR       +....                  (no boots)
Stlth    ..........             d - amulet of regeneration (curse)
Regen    0.6/turn               o - ring of stealth
MPRegen  0.1/turn               k - ring of protection from magic (curse)

@: no status effects
A: rugged brown scales 1, fire resistance 1
a: Curse Item, Scrying, Renounce Religion


You were on level 3 of the Dungeon.
You worshipped Ashenzari.
Ashenzari was pleased with you.
You were not hungry.

You visited 1 branch of the dungeon, and saw 3 of its levels.

You collected 172 gold pieces.

Inventory:

Hand Weapons
 j - a +2 whip of flaming
 n - a cursed +0 whip of flaming (weapon)
Armour
 m - a +0 chain mail (worn)
Jewellery
 d - a cursed amulet of regeneration (around neck)
 k - a cursed ring of protection from magic (left hand)
 o - a ring of stealth (right hand)
Scrolls
 e - a scroll of remove curse
 g - 2 scrolls of teleportation
Potions
 a - a potion of heal wounds
 b - a potion of flight
 f - a potion of might {unknown}
 h - a potion of degeneration {unknown}
 l - a potion of mutation {unknown}
 p - a potion of curing {unknown}
Comestibles
 c - a bread ration
 i - 3 meat rations


   Skills:
 + Level 4.1 Fighting
 * Level 4.3(6.5) Maces & Flails
 + Level 2.1 Armour
 - Level 2.6 Dodging
 - Level 1.7 Stealth


You had 4 spell levels left.
You didn't know any spells.

Dungeon Overview and Level Annotations

Branches:
Dungeon (3/15)

Altars:
Ashenzari
Gozag
Trog


Innate Abilities, Weirdness & Mutations

You are partially covered in rugged brown scales. (AC +1, +3% HP)
Your flesh is heat resistant. (rF+)


Message History

The orc priest miscasts a cantrip.
The orc hits you with a club.
You barely miss the orc priest.
The orc priest is heavily wounded.
The orc hits you but does no damage.
The orc priest mumbles some strange prayers to Beogh against you.
Beogh smites you!
* * * LOW HITPOINT WARNING * * *
You hit the orc priest but do no damage.
The orc priest is heavily wounded.
The orc hits you but does no damage. x2
Your chain mail prevents you from hitting the orc priest.
The orc priest is heavily wounded.
The orc priest closely misses you. The orc barely misses you.
You hit the orc priest. You burn the orc priest.
The orc priest is severely wounded.
The orc barely misses you.
The orc priest mumbles some strange prayers to Beogh against you.
Beogh smites you!
You die...

#*.##. , )... .#.....
##... ,,...,....... *
...#*.... , .. .......
..# #.#..####.#..oo...
..##..##........{.#*
...............##{ *
.............#..# ,
..............#o## ,*
.......###...).o@# *,
.............#.#o# *
............##..o## ,*
....(..###........# ,
* .......#
##.###....... *
.......####.####.###..
#............# #.# [,
#..........#.###.# ,
#..........#..##.# ,


You could see an orc priest and 3 orcs.

Vanquished Creatures
  2 orc priests
  7 adders
  2 worms
  A dart slug (D:2)
  A leopard gecko (D:1)
  9 orcs
  3 giant cockroaches
  5 goblins
  8 hobgoblins
  A jackal (D:2)
  7 kobolds
  A quokka (D:3)
  A ball python (D:1)
  4 bats
  6 frilled lizards
  6 rats
64 creatures vanquished.

Notes
Turn   | Place    | Note
-------+----------+-------------------------------------------
     0 | D:1      | kidcy the Demonspawn Monk began the quest for the Orb.
     0 | D:1      | Reached XP level 1. HP: 18/18 MP: 1/1
   211 | D:1      | Gained mutation: You are partially covered in rugged brown scales. (AC +1, +3% HP) [demonic ancestry]
   211 | D:1      | Reached XP level 2. HP: 15/24 MP: 2/2
   775 | D:2      | Reached skill level 1 in Armour
   775 | D:2      | Reached XP level 3. HP: 20/29 MP: 3/3
  1091 | D:2      | Found an opulent altar of Gozag.
  1283 | D:2      | Found a bloodstained altar of Trog.
  1441 | D:2      | Reached XP level 4. HP: 18/37 MP: 4/4
  2002 | D:3      | Gained mutation: Your flesh is heat resistant. (rF+) [demonic ancestry]
  2002 | D:3      | Reached XP level 5. HP: 43/43 MP: 5/5
  2048 | D:3      | Found a shattered altar of Ashenzari.
  2063 | D:3      | Became a worshipper of Ashenzari the Shackled
  2063 | D:3      | Reached * piety under Ashenzari
  2063 | D:3      | Reached ** piety under Ashenzari
  2450 | D:3      | Killed from afar by an orc priest

Vault maps used:
D:1:      mrwooster_arrival_statue_3
D:2:      kennysheep_big_flooded_room, lightli_temple_of_fire,
          lemuel_round_altar
D:3:      cheibrodos_ashenzari_chains

Skill      XL: |  1  2  3  4  5 |
---------------+----------------+-----
Maces & Flails | 3 4 |  4.3
Armour         | 1 2 |  2.1
Fighting       | 4 |  4.1
Dodging        | |  2.6
Stealth        | |  1.7

Action                   |  1- 3 |  4- 6 || total
-------------------------+-------+-------++-------
Melee: Mace              |    79 |       ||    79
       Whip              |    74 |   151 ||   225
Invok: Curse Item        |       |     3 ||     3
  Use: Scroll            |     1 |     4 ||     5
  Eat: Chunk             |     1 |     4 ||     5
Armor: Leather armour    |    23 |       ||    23
       Robe              |     1 |       ||     1
       Chain mail        |    63 |    85 ||   148
Dodge: Dodged            |    72 |    41 ||   113
